[Event "Early-Titled-Tuesday-Blitz-June-18-2024"]
[Site "Chess.com"]
[Date "2024.06.18"]
[Round "8"]
[White "EdenDzung06"]
[Black "Shuvalov"]
[Result "1-0"]
[WhiteElo "2452"]
[BlackElo "2595"]
[TimeControl "180+1"]
[EndTime "9:28:02 PDT"]
[Termination "EdenDzung06 won by resignation"]

1. d4 Nf6 2. c4 g6 3. Nf3 Bg7 4. g3 c6 5. Bg2 d5 6. O-O O-O 7.
cxd5 cxd5 8. Ne5 Bf5 9. Nc3 Ne4 10.
Bf4 Nxc3 11. bxc3 Nc6 12. Nxc6 bxc6 13. Rc1 Qa5 14. Qb3 h6 15. h4 Rfe8 16. c4 Bxd4 17. cxd5 cxd5 18. Bxd5 Be6 19. Bxe6 fxe6 20. Qxe6+ Kg7 21.
Rc6 Bf6 22. e4 g5 23. e5 gxf4 24. exf6+ Kh8 25. f7 1-0

[Event "Early-Titled-Tuesday-Blitz-June-18-2024"]
[Site "Chess.com"]
[Date "2024.06.18"]
[Round "8"]
[White "DominguezOnYoutube"]
[Black "KubaGepard"]
[Result "1-0"]
[WhiteElo "2917"]
[BlackElo "2649"]
[TimeControl "180+1"]
[EndTime "9:28:03 PDT"]
[Termination "DominguezOnYoutube won by resignation"]

1. e4 e5 2. Nf3 Nc6 3. Bb5 Nf6 4.
O-O Nxe4 5. d4 Nd6 6. Bxc6 dxc6 7. dxe5 Nf5 8. Qxd8+ Kxd8 9. h3 Be7 10. Rd1+ Ke8 11. Nc3 Be6 12. g4 Nh4 13. Nxh4 Bxh4 14. Kg2 Rd8 15. Be3 b6 16. b3 Be7 17. Ne2 Bd5+ 18.
f3 c5 19. c4 Bb7 20. Nf4 g6 21.
Nd5 Rd7 22. Rd2 c6 23. Nxe7 Rxd2+ 24. Bxd2 Kxe7 25. Bg5+ Ke6 26. Bf6 Rc8 27. Rd1 1-0

[Event "Early-Titled-Tuesday-Blitz-June-18-2024"]
[Site "Chess.com"]
[Date "2024.06.18"]
[Round "8"]
[White "Dexter_Dyke"]
[Black "gpsji27"]
[Result "0-1"]
[WhiteElo "2481"]
[BlackElo "2347"]
[TimeControl "180+1"]
[EndTime "9:28:09 PDT"]
[Termination "gpsji27 won on time"]

1. e4 e5 2. f4 exf4 3. Nf3 d5 4.
exd5 Nf6 5. c4 Bg4 6. d4 Bb4+ 7. Nc3 O-O 8. Be2 Ne4 9. Qc2 Bxf3 10. Bxf3 Qh4+ 11. g3 fxg3 12. hxg3 Qxg3+ 13. Kf1 Qxf3+ 14. Kg1 Bxc3 15. bxc3 f5 16. Rb1 Rf6 17. Qxe4 Rg6+ 0-1

[Event "Early-Titled-Tuesday-Blitz-June-18-2024"]
[Site "Chess.com"]
[Date "2024.06.18"]
[Round "8"]
[White "glucolisis04"]
[Black "elamier"]
[Result "0-1"]
[WhiteElo "2283"]
[BlackElo "2454"]
[TimeControl "180+1"]
[EndTime "9:28:09 PDT"]
[Termination "elamier won by resignation"]

1. d4 Nf6 2. c4 e6 3. Nc3 Bb4 4.
e3 O-O 5. Ne2 d5 6. a3 Be7 7.
cxd5 exd5 8. Nf4 c6 9. Bd3 Re8 10. O-O Na6 11. f3 Nc7 12. Qc2 Ne6 13. Nxe6 Bxe6 14.
b4 a5 15. b5 c5 16. dxc5 Bxc5 17. Kh1 Rc8 18. Bb2 Bxe3 19. Qe2 d4 20. Ne4 Nxe4 21.
Bxe4 Bc4 22. Bd3 Bc1 23. Qf2 Bxb2 24. Bxc4 Bxa1 0-1

[Event "Early-Titled-Tuesday-Blitz-June-18-2024"]
[Site "Chess.com"]
[Date "2024.06.18"]
[Round "8"]
[White "Angry_Twin"]
[Black "AnishOnYoutube"]
[Result "0-1"]
[WhiteElo "2923"]
[BlackElo "3077"]
[TimeControl "180+1"]
[EndTime "9:28:10 PDT"]
[Termination "AnishOnYoutube won by resignation"]

1. e4 c5 2. Nf3 d6 3. Bb5+ Nd7 4. O-O a6 5. Bd3 Ngf6 6. Re1 Qc7 7. a4 b6 8. Na3 Bb7 9. c3 e6 10. Qe2 g5 11. Nxg5 Rg8 12. f4 h6 13. Nh3 d5 14.
e5 c4 15. exf6 cxd3 16. Qxd3 d4 17. g3 Qc6 18. Re2 Qh1+ 19. Kf2 Qxh2+ 20. Ke1 Qh1+ 21.
Kf2 Qxh3 0-1

[Event "Early-Titled-Tuesday-Blitz-June-18-2024"]
[Site "Chess.com"]
[Date "2024.06.18"]
[Round "8"]
[White "CristianS27"]
[Black "NM_Antelacus"]
[Result "1-0"]
[WhiteElo "2485"]
[BlackElo "2312"]
[TimeControl "180+1"]
[EndTime "9:28:12 PDT"]
[Termination "CristianS27 won by checkmate"]

1. e4 c5 2. Nf3 Nc6 3. d4 cxd4 4. Nxd4 Nf6 5. Nc3 e5 6. Ndb5 d6 7. Bg5 a6 8. Na3 b5 9. Bxf6 gxf6 10. Nd5 Bg7 11. g3 Ne7 12. Nxe7 Qxe7 13. Bg2 O-O 14. c3 Be6 15. Nc2 Bh6 16. Qh5 Kg7 17. O-O Rad8 18.
Rad1 Qb7 19. Nb4 a5 20. Nd5 Bxd5 21. Rxd5 Qc6 22. Rfd1 b4 23. cxb4 axb4 24. Bh3 Qc2 25. Bf5 Qxb2 26. Qg4+ Kh8 27. Qh5 Kg7 28. Rxd6 Rxd6 29. Rxd6 Qxa2 30. Qg4+ Kh8 31. Rxf6 Bg7 32. Qh5 h6 33. Rxh6+ Kg8 34. Rh8+ Bxh8 35. Qh7# 1-0

[Event "Early-Titled-Tuesday-Blitz-June-18-2024"]
[Site "Chess.com"]
[Date "2024.06.18"]
[Round "8"]
[White "Sam_ChessMood"]
[Black "Rutricks"]
[Result "1-0"]
[WhiteElo "2944"]
[BlackElo "2754"]
[TimeControl "180+1"]
[EndTime "9:28:14 PDT"]
[Termination "Sam_ChessMood won by checkmate"]

1. e4 g6 2. d4 Bg7 3. Nc3 c6 4. Be3 d5 5. e5 f6 6. f4 Nh6 7.
Qd2 O-O 8. Nf3 Nf5 9. O-O-O fxe5 10. fxe5 c5 11. dxc5 Nxe3 12. Qxe3 e6 13. h4 b6 14. h5 bxc5 15. hxg6 d4 16. Qe4 Qb6 17. Nb5 Bb7 18.
gxh7+ Kh8 19. Qg6 Bxf3 20. gxf3 Nc6 21. Rg1 Qb7 22. Nd6 Qe7 23. f4 Rxf4 24. Qg2 Qc7 25. Bb5 Rb8 26. Bxc6 Qb6 27. Qxg7# 1-0

[Event "Early-Titled-Tuesday-Blitz-June-18-2024"]
[Site "Chess.com"]
[Date "2024.06.18"]
[Round "8"]
[White "Onischuk_V"]
[Black "HATilay"]
[Result "1-0"]
[WhiteElo "2831"]
[BlackElo "2645"]
[TimeControl "180+1"]
[EndTime "9:28:14 PDT"]
[Termination "Onischuk_V won by resignation"]

1. e4 c5 2. Nf3 d6 3. d4 cxd4 4.
Nxd4 Nf6 5. Nc3 a6 6. a4 g6 7. g3 Bg7 8. Bg2 O-O 9. h3 Nc6 10.
Nb3 Na5 11. O-O Nxb3 12. cxb3 Be6 13. Be3 Qa5 14. Ne2 Nd7 15. Nd4 Nc5 16. Bd2 Qb6 17. a5 Qd8 18. Bc3 Qd7 19. b4 Bxh3 20. bxc5 Bxg2 21.
Kxg2 dxc5 22. Nf3 Qg4 23. Bxg7 Kxg7 24. Qc2 Rfd8 25. Qxc5 1-0

[Event "Early-Titled-Tuesday-Blitz-June-18-2024"]
[Site "Chess.com"]
[Date "2024.06.18"]
[Round "8"]
[White "Andrey-Ivanov2011"]
[Black "WindWhistler11"]
[Result "0-1"]
[WhiteElo "2054"]
[BlackElo "2528"]
[TimeControl "180+1"]
[EndTime "9:28:17 PDT"]
[Termination "WindWhistler11 won by resignation"]

1. e4 e6 2. d4 d5 3. Nd2 Nc6 4. Ngf3 Nf6 5. e5 Nd7 6. Bd3 f6 7.
exf6 Qxf6 8. c3 e5 9. dxe5 Ndxe5 10. Nxe5 Nxe5 11. Be2 Bd6 12. Nf3 c6 13. Be3 O-O 14. Qd2 Ng4 15. Bg5 Qf7 16. h3 Nf6 17. Bxf6 Qxf6 18.
O-O Bf4 19. Qd4 Qg6 20. Bd3 Qh5 21. Be2 Qg6 22. Kh1 Bc7 23. Rae1 Qd6 24. Bd3 Rxf3 25. Bxh7+ Kxh7 26. Qh4+ Kg8 27. Re8+ Rf8 28. Rxf8+ 0-1

[Event "Early-Titled-Tuesday-Blitz-June-18-2024"]
[Site "Chess.com"]
[Date "2024.06.18"]
[Round "8"]
[White "Flawless_Fighter"]
[Black "jcibarra"]
[Result "1/2-1/2"]
[WhiteElo "2820"]
[BlackElo "3006"]
[TimeControl "180+1"]
[EndTime "9:28:19 PDT"]
[Termination "Game drawn by repetition"]

1. e4 c5 2. Nf3 Nc6 3. Bb5 e6 4. O-O Nd4 5. Nxd4 cxd4 6. c3 a6 7. Be2 Bc5 8. b4 Ba7 9. Bb2 Ne7 10. cxd4 d5 11. d3 Nc6 12. a3 O-O 13. Nd2 Bxd4 14. Bxd4 Nxd4 15. Nb3 Qf6 16. f4 Bd7 17. e5 Qd8 18.
Nxd4 Qb6 19. Qe1 Qxd4+ 20. Qf2 Qxf2+ 21. Kxf2 Rfc8 22. Rfc1 a5 23. bxa5 Rxc1 24. Rxc1 Rxa5 25. Rc7 Be8 26. d4 Kf8 27. Rxb7 Rxa3 28. Rb8 Ke7 29. Rb7+ Kf8 30. Rb8 Ke7 31. Rb7+ Kf8 1/2-1/2

[Event "Early-Titled-Tuesday-Blitz-June-18-2024"]
[Site "Chess.com"]
[Date "2024.06.18"]
[Round "8"]
[White "Rhinos1"]
[Black "giovannibrandao7"]
[Result "1-0"]
[WhiteElo "2073"]
[BlackElo "2264"]
[TimeControl "180+1"]
[EndTime "9:28:19 PDT"]
[Termination "Rhinos1 won by resignation"]

1. e4 c5 2. d4 cxd4 3. c3 dxc3 4. Nxc3 Nc6 5. Nf3 Nf6 6. Bc4 e6 7. O-O Be7 8. Qe2 O-O 9. Rd1 Qc7 10. Bg5 a6 11.
Rac1 b5 12. Bb3 Bb7 13. Nd5 exd5 14. exd5 Rae8 15. dxc6 dxc6 16. Ne5 Bd6 17. Bxf6 Bxe5 18. Bxe5 Qxe5 19. Qg4 Qxb2 20. Qd7 Bc8 21. Qxc6 Be6 22. Re1 Bxb3 23. Rxe8 Bc4 24. Rxf8+ Kxf8 25. Qd6+ Ke8 26. Re1+ Be6 27. Rd1 Qf6 28. Qb8+ 1-0

[Event "Early-Titled-Tuesday-Blitz-June-18-2024"]
[Site "Chess.com"]
[Date "2024.06.18"]
[Round "8"]
[White "FGHSMN"]
[Black "carokannlover213"]
[Result "1-0"]
[WhiteElo "2904"]
[BlackElo "2693"]
[TimeControl "180+1"]
[EndTime "9:28:26 PDT"]
[Termination "FGHSMN won by resignation"]

1. e4 c5 2. Nf3 d6 3. d4 cxd4 4. Qxd4 Nf6 5. Nc3 Nc6 6. Qd3 a6 7. Be2 e6 8. O-O Be7 9. Bf4 Qc7 10. Rfd1 Ne5 11. Qd2 O-O 12. a4 h6 13. a5 Nxf3+ 14. Bxf3 e5 15. Be3 Be6 16. Bb6 Qc8 17. b3 Qd7 18.
Na4 Qc6 19. Qe2 d5 20. exd5 Bxd5 21. Rxd5 Nxd5 22. Qd1 Nc3 23. Bxc6 Nxd1 24. Bxb7 Rab8 25. Bxa6 Rfd8 26. Bxd8 Rxd8 27. Be2 1-0

[Event "Early-Titled-Tuesday-Blitz-June-18-2024"]
[Site "Chess.com"]
[Date "2024.06.18"]
[Round "8"]
[White "Goryachkina"]
[Black "HajiyevKanan"]
[Result "1/2-1/2"]
[WhiteElo "2672"]
[BlackElo "2538"]
[TimeControl "180+1"]
[EndTime "9:28:27 PDT"]
[Termination "Game drawn by repetition"]

1. e4 c6 2. d4 d5 3. e5 a6 4. h3 c5 5. Nf3 cxd4 6. Qxd4 Nc6 7.
Qf4 g6 8. Qh4 Bg7 9. Bf4 Qb6 10.
Nbd2 Qxb2 11. Rb1 Qxc2 12. Be2 h6 13. O-O g5 14. Qg3 gxf4 15. Qxg7 Qh7 16. Qxh7 Rxh7 17.
Nb3 Rg7 18. Kh2 Bf5 19. Rb2 e6 20. Nc5 b5 21. Rc1 Nge7 22. Nb7 Kd7 23. Nc5+ Ke8 24. Nb7 Kd7 25. Nc5+ Ke8 26. Nb7 Kd7 1/2-1/2

[Event "Early-Titled-Tuesday-Blitz-June-18-2024"]
[Site "Chess.com"]
[Date "2024.06.18"]
[Round "8"]
[White "KuzubovYuriy"]
[Black "ValentinDragnev"]
[Result "0-1"]
[WhiteElo "2861"]
[BlackElo "2715"]
[TimeControl "180+1"]
[EndTime "9:28:29 PDT"]
[Termination "ValentinDragnev won by resignation"]

1. d4 d5 2. c4 e6 3. Nc3 a6 4.
cxd5 exd5 5. Nf3 h6 6. Bf4 Nf6 7. e3 Bd6 8. Ne5 O-O 9. Be2 Re8 10. O-O c5 11. Bg3 cxd4 12. exd4 Nc6 13. Nxc6 bxc6 14. Rc1 Rb8 15. b3 a5 16. Na4 Bxg3 17. hxg3 Bd7 18. Bd3 Ng4 19. Qf3 Qg5 20. Rfe1 Qh5 21. Re5 Qh2+ 22.
Kf1 Nxe5 23. dxe5 0-1

[Event "Early-Titled-Tuesday-Blitz-June-18-2024"]
[Site "Chess.com"]
[Date "2024.06.18"]
[Round "8"]
[White "chess123456s"]
[Black "Heliosis11"]
[Result "0-1"]
[WhiteElo "2601"]
[BlackElo "2469"]
[TimeControl "180+1"]
[EndTime "9:28:29 PDT"]
[Termination "Heliosis11 won by checkmate"]

1. d4 Nf6 2. Nc3 d5 3. Bf4 Bf5 4.
e3 e6 5. Nf3 c6 6. Ne5 Nbd7 7.
g4 Be4 8. f3 Bg6 9. h4 h5 10.
Nxg6 fxg6 11. g5 Ng8 12. Bd3 Ne7 13. Bd6 Nf5 14. Bxf5 gxf5 15. Bf4 g6 16. Qe2 Bg7 17. O-O-O Qe7 18. e4 fxe4 19. fxe4 Rf8 20. Bg3 Rf7 21. Rhe1 Nb6 22. exd5 cxd5 23. Qb5+ Kf8 24. Qc5 Kg8 25.
Nb5 Qxc5 26. dxc5 Nc4 27. c3 Rf3 28. Bd6 Rf2 29. b3 Na5 30. Kb1 a6 31. Nc7 Rc8 32. Rxe6 Bxc3 33. Nxd5 Rb2+ 34. Kc1 Bg7 35. Ne7+ Kh7 36.
Nxc8 Rxa2 37. Re7 Nxb3+ 38. Kb1 Rb2# 0-1

[Event "Early-Titled-Tuesday-Blitz-June-18-2024"]
[Site "Chess.com"]
[Date "2024.06.18"]
[Round "8"]
[White "Gareth-Bale11"]
[Black "LastGladiator1"]
[Result "1/2-1/2"]
[WhiteElo "2969"]
[BlackElo "2991"]
[TimeControl "180+1"]
[EndTime "9:28:38 PDT"]
[Termination "Game drawn by agreement"]

1. e4 Nf6 2. Nc3 e5 3. Nf3 Nc6 4. Bb5 Nd4 5. Nxd4 exd4 6. e5 dxc3 7. exf6 Qxf6 8. Qe2+ Be7 9. dxc3 O-O 10. Be3 c6 11. Bd3 d5 12. O-O-O Re8 13. Bd4 Qh6+ 14. Kb1 Be6 15.
h4 Bd6 16. Rde1 Bd7 17. Qf3 Qf4 18. Qxf4 Bxf4 19. Rxe8+ Bxe8 20. Re1 Bd6 21. c4 dxc4 22. Bxc4 Kf8 23. Rd1 Be7 24. g3 Rd8 25. Be2 c5 26.
Be3 Rxd1+ 27. Bxd1 Bc6 28. c3 b6 29. Kc2 Be4+ 30. Kd2 Ke8 1/2-1/2

[Event "Early-Titled-Tuesday-Blitz-June-18-2024"]
[Site "Chess.com"]
[Date "2024.06.18"]
[Round "8"]
[White "Schattman"]
[Black "Korchmar_Vasiliy"]
[Result "0-1"]
[WhiteElo "2501"]
[BlackElo "2656"]
[TimeControl "180+1"]
[EndTime "9:28:40 PDT"]
[Termination "Korchmar_Vasiliy won on time"]

1. c4 c5 2. g3 Nc6 3. Bg2 Nf6 4. Nf3 d6 5. Nc3 Bf5 6. d3 Qd7 7. Nh4 Bh3 8. O-O Bxg2 9. Kxg2 h5 10. h3 g6 11. Bg5 Bg7 12. Qd2 Nd4 13. e4 O-O-O 14. Rab1 Nh7 15. Be3 g5 16. Nf5 Nxf5 17. exf5 Qxf5 18.
b4 g4 19. h4 Nf8 20. Nd5 Ng6 21. bxc5 e6 22. c6 bxc6 23. Qa5 Kd7 24. Rb7+ Ke8 25. Nf4 Qxa5 0-1

[Event "Early-Titled-Tuesday-Blitz-June-18-2024"]
[Site "Chess.com"]
[Date "2024.06.18"]
[Round "8"]
[White "NovozhilovSemen"]
[Black "Kotofeyca"]
[Result "1-0"]
[WhiteElo "2641"]
[BlackElo "2487"]
[TimeControl "180+1"]
[EndTime "9:28:42 PDT"]
[Termination "NovozhilovSemen won on time"]

1. d4 d5 2. c4 c6 3. Nf3 Nf6 4. e3 a6 5. Nc3 Bg4 6. Qb3 b5 7. cxd5 Bxf3 8. gxf3 cxd5 9. a4 b4 10. Qxb4 Nc6 11. Qb3 e6 12. Bd2 Be7 13. Bd3 O-O 14. O-O Nb4 15. Be2 Qd6 16. a5 Rfb8 17. Na4 e5 18. dxe5 Qxe5 19. Nb6 Nc6 20. Qc3 Qg5+ 21. Kh1 Bb4 22. Qxc6 Bxd2 23. Nxa8 d4 24. Nb6 dxe3 25.
Nd7 Nxd7 26. Qxd7 exf2 27. Rxf2 Bf4 28. Rg2 Qh4 29. Rag1 g6 30. Bc4 Qf6 31. Re2 Kg7 32. Re7 1-0

[Event "Early-Titled-Tuesday-Blitz-June-18-2024"]
[Site "Chess.com"]
[Date "2024.06.18"]
[Round "8"]
[White "tarno17"]
[Black "ValeriyGrinev"]
[Result "0-1"]
[WhiteElo "2173"]
[BlackElo "2560"]
[TimeControl "180+1"]
[EndTime "9:28:44 PDT"]
[Termination "ValeriyGrinev won on time"]

1. e4 c6 2. d4 d5 3. Nd2 dxe4 4. Nxe4 Bf5 5. Ng3 Bg6 6. h4 h6 7. h5 Bh7 8. f4 Nd7 9. Nf3 Ngf6 10. Be3 e6 11.
Bd3 Bxd3 12. Qxd3 Nd5 13. O-O Be7 14. c4 Nxe3 15. Qxe3 O-O 16. f5 exf5 17. Nxf5 Bf6 18. Rae1 Qc7 19. Nh2 Rae8 20. Qf3 Qd8 21. Ng4 Bg5 22. Nd6 Rxe1 23. Rxe1 Nf6 24. c5 Nxg4 25. Qxg4 b6 26. Qf5 bxc5 27. dxc5 Bf6 28. Re4 Bxb2 29.
Rg4 Qf6 30. Qd7 Bd4+ 31. Kh2 Qe5+ 32. Kh3 Qxh5+ 33. Rh4 Qxc5 34. Nf5 Bf6 35. Rg4 Qc3+ 36.
Rg3 Qa1 37. Nxh6+ Kh7 38. Nf5 Qh1+ 39. Kg4 Qf1 40. Qd3 Qxd3 41. Rxd3 Rd8 0-1

[Event "Early-Titled-Tuesday-Blitz-June-18-2024"]
[Site "Chess.com"]
[Date "2024.06.18"]
[Round "8"]
[White "KinKaiser"]
[Black "Sprinc1"]
[Result "0-1"]
[WhiteElo "2454"]
[BlackElo "2281"]
[TimeControl "180+1"]
[EndTime "9:28:45 PDT"]
[Termination "Sprinc1 won by resignation"]

1. e4 d5 2. exd5 Qxd5 3. c3 Nf6 4. Qb3 Be6 5. Qxd5 Bxd5 6. d4 e6 7. Bf4 c5 8. Ne2 Nc6 9. Nd2 cxd4 10. Nxd4 Nxd4 11. cxd4 Bb4 12. Bb5+ Ke7 13. a3 Bd6 14. Be3 Rhc8 15. Bd3 a6 16. O-O Ng4 17. h3 Nxe3 18. fxe3 f5 19. Rfc1 g6 20. Be2 e5 21. Bf3 e4 22. Be2 b5 23. Bd1 Ke6 24. Bb3 a5 25. Kf2 a4 26. Bxd5+ Kxd5 27. Ke2 g5 28. Rf1 f4 29. Rac1 Rxc1 30. Rxc1 fxe3 31. Kxe3 Bf4+ 32. Ke2 Kxd4 33. Rc6 Kd5 34. Rh6 Rc8 35. Kd1 Rc7 36. Rb6 Kc5 37. Rf6 Rd7 38. Rxf4 gxf4 39. Ke2 Kd4 0-1

[Event "Early-Titled-Tuesday-Blitz-June-18-2024"]
[Site "Chess.com"]
[Date "2024.06.18"]
[Round "8"]
[White "Dewarfd"]
[Black "Chempiblinka"]
[Result "0-1"]
[WhiteElo "2143"]
[BlackElo "2356"]
[TimeControl "180+1"]
[EndTime "9:28:46 PDT"]
[Termination "Chempiblinka won by checkmate"]

1. Nf3 g6 2. e4 Bg7 3. d4 c5 4. Nc3 cxd4 5. Nxd4 Nc6 6. Nxc6 bxc6 7. Bd3 Nf6 8. O-O O-O 9. Bg5 Qa5 10. Qd2 Rb8 11. Rab1 d6 12. Nd5 Qxd2 13. Nxe7+ Kh8 14. Bxd2 Bd7 15. f4 Rfe8 16. e5 dxe5 17. fxe5 Ng4 18. Rxf7 Nxe5 19. Nxg6+ hxg6 20. Rff1 Nxd3 21. cxd3 Rxb2 22.
Rxb2 Bxb2 23. h3 Bd4+ 24. Kh1 Bf5 25. Bg5 Kg8 26. Rd1 Re2 27. g4 Be6 28. Rc1 Bd5# 0-1

[Event "Early-Titled-Tuesday-Blitz-June-18-2024"]
[Site "Chess.com"]
[Date "2024.06.18"]
[Round "8"]
[White "Bkmzzzzz"]
[Black "annasargsyan_m"]
[Result "0-1"]
[WhiteElo "2401"]
[BlackElo "2618"]
[TimeControl "180+1"]
[EndTime "9:28:49 PDT"]
[Termination "annasargsyan_m won on time"]

1. e4 c6 2. d4 d5 3. Nc3 dxe4 4. Nxe4 Nf6 5. Nxf6+ exf6 6. Bd3 Bd6 7. Qh5 h6 8. Ne2 O-O 9. Bxh6 gxh6 10. Qxh6 f5 11.
Ng3 Re8+ 12. Kf1 Bf8 13. Qh5 Qxd4 14. Nxf5 Bxf5 15. Qxf5 Bg7 16. h4 Qf6 17. Qg4 Na6 18. Rh3 Nc5 19. Bc4 Re4 20. Bxf7+ Qxf7 21. Qg5 Ne6 22. Qa5 Rf4 23. f3 b6 24. Qa6 Nc5 25. Qa3 Re8 26. Rd1 Qc4+ 27. Kg1 Qxc2 28. Rf1 Ra4 0-1

[Event "Early-Titled-Tuesday-Blitz-June-18-2024"]
[Site "Chess.com"]
[Date "2024.06.18"]
[Round "8"]
[White "edgarhay012"]
[Black "AlexanderKing"]
[Result "1-0"]
[WhiteElo "2691"]
[BlackElo "2538"]
[TimeControl "180+1"]
[EndTime "9:28:50 PDT"]
[Termination "edgarhay012 won on time"]

1. e4 e5 2. Nf3 Nc6 3. Bb5 a6 4. Ba4 Nf6 5. O-O Nxe4 6. Re1 Nc5 7. Bxc6 dxc6 8. d4 Ne6 9. Nxe5 Be7 10. c3 O-O 11. Nd2 c5 12. Ndf3 cxd4 13. cxd4 Qd5 14. Be3 Re8 15. Rc1 c6 16. Qc2 f6 17. Nc4 Qd8 18. d5 cxd5 19. Nb6 Rb8 20. Qb3 Kh8 21.
Red1 d4 22. Nxd4 Nc5 23. Qf7 Rf8 24. Nc6 Rxf7 25. Nxd8 Rf8 26. Bxc5 Bxd8 27. Nxc8 Re8 28. Nd6 Re6 29. Nf7+ 1-0

[Event "Early-Titled-Tuesday-Blitz-June-18-2024"]
[Site "Chess.com"]
[Date "2024.06.18"]
[Round "8"]
[White "monomita"]
[Black "GHANDEEVAM2003"]
[Result "1-0"]
[WhiteElo "2809"]
[BlackElo "2985"]
[TimeControl "180+1"]
[EndTime "9:28:51 PDT"]
[Termination "monomita won by resignation"]

1. d4 d6 2. e4 g6 3. Nf3 Bg7 4. Nc3 Nc6 5. h3 Nf6 6. Be2 a6 7. a4 O-O 8. O-O d5 9. exd5 Nxd5 10. Nxd5 Qxd5 11. c4 Qd6 12. d5 Nb4 13. Be3 c5 14. Nd2 f5 15. Nb3 b6 16. a5 f4 17. Bc1 Bf5 18. Qd2 Bc2 19. Ra3 Be5 20. Bg4 Kg7 21. Re1 h5 22. Bf3 Bf5 23. axb6 Nc2 24. b7 Rab8 25. Rxa6 Qxa6 26. Rxe5 Qxc4 27. Na5 Qd4 28. Rxe7+ Rf7 29. Rxf7+ Kxf7 30. Qxf4 Re8 31. b8=Q Re1+ 32.
Kh2 Qxf2 33. Qfc7+ 1-0

[Event "Early-Titled-Tuesday-Blitz-June-18-2024"]
[Site "Chess.com"]
[Date "2024.06.18"]
[Round "8"]
[White "Attacker_2006"]
[Black "Kirill_Klukin"]
[Result "1-0"]
[WhiteElo "2531"]
[BlackElo "2871"]
[TimeControl "180+1"]
[EndTime "9:28:57 PDT"]
[Termination "Attacker_2006 won on time"]

1. e4 c5 2. Nc3 g6 3. d4 cxd4 4.
Qxd4 Nf6 5. Be3 Bg7 6. f3 Nc6 7. Qd2 O-O 8. O-O-O Qa5 9. Kb1 d6 10. Bh6 Be6 11. h4 Rfc8 12. Bxg7 Kxg7 13. h5 Ne5 14. a3 Nc4 15. Bxc4 Rxc4 16. hxg6 fxg6 17. Nge2 Rac8 18. g4 b5 19. Qh6+ Kf7 20. g5 Ng8 21. Qxh7+ Ke8 22. Qxg6+ Bf7 23. Qg7 b4 24. Rh7 Be6 25.
Rxd6 R8c6 26. Qg6+ 1-0

[Event "Early-Titled-Tuesday-Blitz-June-18-2024"]
[Site "Chess.com"]
[Date "2024.06.18"]
[Round "8"]
[White "twofoxniel"]
[Black "ulises2013"]
[Result "0-1"]
[WhiteElo "2684"]
[BlackElo "2858"]
[TimeControl "180+1"]
[EndTime "9:28:59 PDT"]
[Termination "ulises2013 won by resignation"]

1. e4 g6 2. Nf3 Bg7 3. Bc4 c5 4. O-O Nc6 5. Nc3 e6 6. Re1 Nge7 7. d3 O-O 8. Bg5 h6 9. Bh4 g5 10. Bg3 d5 11. Bb3 a6 12. h3 b5 13. exd5 exd5 14.
a3 Be6 15. Ne5 Nxe5 16. Bxe5 Bxe5 17. Rxe5 Ng6 18. Re1 Qd6 19. Qf3 Rad8 20. d4 c4 21. Ba2 Qf4 22. Qd1 Rfe8 23. Ne2 Qf6 24. c3 g4 25. hxg4 Bxg4 26. f3 Bxf3 27. gxf3 Qxf3 28. Kh2 Qf2+ 29. Kh1 Re4 30. Nf4 Rxf4 31. Qh5 Rh4+ 32. Qxh4 Qxh4+ 33. Kg2 Qg5+ 34. Kf3 Rd6 0-1

[Event "Early-Titled-Tuesday-Blitz-June-18-2024"]
[Site "Chess.com"]
[Date "2024.06.18"]
[Round "8"]
[White "TitarovVasiliYouTube"]
[Black "HelenaWalker2912"]
[Result "1-0"]
[WhiteElo "2587"]
[BlackElo "2411"]
[TimeControl "180+1"]
[EndTime "9:29:03 PDT"]
[Termination "TitarovVasiliYouTube won by checkmate"]

1. a3 d5 2. e3 e5 3. c4 c6 4.
cxd5 cxd5 5. d4 exd4 6. exd4 Nc6 7. Nc3 Nf6 8. Nf3 h6 9. Bb5 Bd6 10. Qe2+ Be6 11. O-O O-O 12. Be3 Rc8 13. Rac1 a6 14. Bd3 Na5 15. Ne5 Bxe5 16. dxe5 Ng4 17. Bf4 Nb3 18.
Rcd1 f6 19. h3 fxe5 20. Bxe5 Nxe5 21. Qxe5 Qf6 22. Qxf6 Rxf6 23. Bc2 d4 24. Bxb3 dxc3 25. Bxe6+ Rxe6 26. bxc3 Rxc3 27. a4 Ra3 28. Rd4 Re2 29.
Rb1 Rea2 30. Rxb7 Rxa4 31. Rdd7 g5 32. Rb8# 1-0

[Event "Early-Titled-Tuesday-Blitz-June-18-2024"]
[Site "Chess.com"]
[Date "2024.06.18"]
[Round "8"]
[White "pineapplehhh"]
[Black "nitpicker"]
[Result "0-1"]
[WhiteElo "2107"]
[BlackElo "2331"]
[TimeControl "180+1"]
[EndTime "9:29:04 PDT"]
[Termination "nitpicker won by resignation"]

1. e4 c5 2. Nf3 Nc6 3. d4 cxd4 4. Nxd4 Nf6 5. Nc3 d6 6. Bg5 Qb6 7. Ndb5 a6 8. Bxf6 gxf6 9. Nd5 Qa5+ 10. b4 Nxb4 11.
Nbc7+ Kd8 12. Qd2 Nxc2+ 13. Kd1 Qxd2+ 14. Kxd2 Nxa1 15. Nxa8 f5 16. e5 Bh6+ 17. f4 Be6 18. Ne3 Bxf4 19. Bd3 Bxe5 20. Nxf5 Bxa2 21. Nb6 Nb3+ 22.
Kc2 Nd4+ 23. Nxd4 Bxd4 24. Rf1 Bxb6 0-1

[Event "Early-Titled-Tuesday-Blitz-June-18-2024"]
[Site "Chess.com"]
[Date "2024.06.18"]
[Round "8"]
[White "Matalon"]
[Black "Lion-Al-Messi"]
[Result "1/2-1/2"]
[WhiteElo "2463"]
[BlackElo "2627"]
[TimeControl "180+1"]
[EndTime "9:29:05 PDT"]
[Termination "Game drawn - insufficient material"]

1. e4 e6 2. d4 d5 3. Nd2 c5 4. Ngf3 cxd4 5. Nxd4 Nf6 6. Bd3 Nc6 7. Nxc6 bxc6 8. Qe2 Be7 9. Nf3 O-O 10. O-O dxe4 11. Bxe4 Nxe4 12. Qxe4 Qd5 13. Qe2 Rd8 14. Be3 Qe4 15.
Rad1 Bb7 16. Rxd8+ Rxd8 17. Rd1 Rxd1+ 18. Qxd1 c5 19.
h3 Qd5 20. Qxd5 Bxd5 21. Nd2 Bxa2 22. b3 a6 23. Kf1 a5 24. Ke2 f5 25. f4 g5 26. g3 gxf4 27. gxf4 Kf7 28. Kd3 e5 29. fxe5 Ke6 30. Kc3 a4 31. Kb2 axb3 32. cxb3 Bxb3 33. Nxb3 Kxe5 34. Kc3 Ke4 35. Bxc5 Bf6+ 36. Kd2 Kf4 37. Bd6+ Kf3 38. Kd3 Kg2 39. Nd4 Bxd4 40. Kxd4 Kxh3 41. Bf4 Kg4 42. Ke5 h5 43. Bh2 h4 44. Bf4 h3 45.
Bh2 Kg5 46. Bf4+ Kg6 47. Bh2 Kg5 48. Bf4+ Kg6 49. Bh2 Kh5 50. Kxf5 Kh4 51. Kf4 Kh5 52. Kg3 Kg5 53. Kxh3 1/2-1/2

[Event "Early-Titled-Tuesday-Blitz-June-18-2024"]
[Site "Chess.com"]
[Date "2024.06.18"]
[Round "8"]
[White "wonderfultime"]
[Black "santosalberto1987"]
[Result "1-0"]
[WhiteElo "3024"]
[BlackElo "2588"]
[TimeControl "180+1"]
[EndTime "9:29:06 PDT"]
[Termination "wonderfultime won by resignation"]

1. d4 Nf6 2. Nf3 d5 3. Bf4 c5 4. c3 cxd4 5. cxd4 Nc6 6. Nc3 a6 7. Ne5 Qb6 8. Nxc6 Qxc6 9. Rc1 Qb6 10. Qd2 e6 11. e3 Bd6 12. Bg3 Bd7 13. Bd3 O-O 14. Bh4 Bb5 15. O-O Bxd3 16. Qxd3 Be7 17. Na4 Qb5 18. Qc2 h6 19. h3 g5 20. Bg3 Kg7 21. Be5 Rac8 22. Nc3 Qd7 23. f4 g4 24. hxg4 Bd6 25. g5 Bxe5 26. fxe5 Nh7 27. gxh6+ Kxh6 28. Rf4 f5 29. exf6 Rxf6 30. Rh4+ 1-0